 Dungeon Crawl Stone Soup version 0.30.1-4-g462c640d31 (webtiles) character file.

Game seed: 14859118447790053968

79 booth the Sneak (level 4, -2/22 HPs)
             Began as a Felid Delver on Aug 13, 2023.
             Slain by a gnoll bouda
             ... wielding a +0 rapier
              (10 damage)
             ... on level 3 of the Dungeon.
             The game lasted 00:17:08 (3053 turns).

booth the Sneak (Felid Delver)                      Turns: 3053, Time: 00:17:09

Health: -2/22      AC:  1    Str: 10    XL:     4   Next: 17%
Magic:  7/7        EV: 18    Int: 11    God:
Gold:   119        SH:  0    Dex: 17    Spells: 6/6 levels left
                                        Lives:  0   Deaths: 1

rFire   . .          .
                       - Unarmed
rCold   . . .        (shield unavailable)
rNeg    . . .        (body armour unavailable)
rPois   .            (helmet unavailable)
rElec   .            (cloak unavailable)
rCorr   .            (gloves unavailable)
SInv    +            (boots unavailable)
Will    .....        (no amulet)
Stlth   ++++         (no ring)
HPRegen 0.23/turn    (no ring)
MPRegen 0.10/turn

%: no passive effects
@: weakened, quick
A: very small, claws 1, fangs 3, see invisible, speed 1, shaggy fur 1, stealthy
paws, no weapons or thrown items, no armour, multi-lived
a: no special abilities


You were on level 3 of the Dungeon.
You visited 2 branches of the dungeon, and saw 6 of its levels.

You collected 119 gold pieces.

Inventory:

Wands
 e - a wand of digging (3)
Scrolls
 a - a scroll of fog
 b - a scroll of magic mapping
 c - a scroll of fear
 g - a scroll of teleportation
 j - a scroll of silence {unknown}
 m - a scroll of enchant armour {unknown}
 n - a scroll of blinking {unknown}
Potions
 d - a potion of haste
 f - 5 potions of curing
 h - a potion of heal wounds {unknown}
 i - a potion of ambrosia {unknown}
 k - a potion of invisibility {unknown}
 o - a potion of mutation


   Skills:
 + Level 3.7 Fighting
 + Level 4.0 Dodging
 + Level 7.3 Stealth
 + Level 2.9 Unarmed Combat
 + Level 1.6 Spellcasting


You had 6 spell levels left.
You didn't know any spells.
Your spell library was empty.

Dungeon Overview and Level Annotations

Branches:
Dungeon (5/15)             Temple (1/1) D:5

Altars:
Ashenzari
Dithmenos
Fedhas
Ru
Sif Muna
Uskayaw
Vehumet
Xom
Yredelemnul
Zin
The Shining One


Innate Abilities, Weirdness & Mutations

You have sharp claws.
You have razor-sharp teeth.
You have supernaturally acute eyesight. (SInv)
You cover ground quickly. (Speed+)
You are covered in fur. (AC +1)
Your paws help you pounce on unaware monsters.
You are incapable of wielding weapons or throwing items.
You cannot wear armour.
You gain extra lives every three experience levels.


Message History

The kobold hits you with a +0 short sword.
You closely miss the kobold. You bite the kobold.
The kobold is severely wounded.
The kobold hits you with a +0 short sword.
You scratch the kobold.
You kill the kobold!
Things that are here:
a +0 short sword; 3 stones; a +0 ring mail You start resting.
A dart slug comes into view.
You start resting.
HP restored.
You scratch the dart slug.
The dart slug is heavily wounded.
The dart slug bites you.
You claw the dart slug!
You kill the dart slug!
Your Dodging skill increases to level 4!
You see here a dart slug corpse.
HP restored.
The gnoll bouda shouts!
Found an escape hatch in the floor.
The gnoll bouda gazes fiercely through you!
You feel your attacks grow feeble.
The gnoll bouda gazes fiercely through you!
You feel as though you will be weak longer.
Found a stone staircase leading up.
You scratch the gnoll bouda but do no damage.
The gnoll bouda misses you.
You barely miss the gnoll bouda. Your claw misses the gnoll bouda.
The gnoll bouda gazes fiercely through you!
You feel as though you will be weak longer.
The gnoll bouda hits you with a +0 rapier!
Ouch! That really hurt!
You barely miss the gnoll bouda.
You scratch the gnoll bouda but do no damage.
The gnoll bouda barely misses you.
You closely miss the gnoll bouda.
The gnoll bouda hits you with a +0 rapier!
You die...

############
#..>..@g...#
..<.########.# #. # #.#
#. #.#### #. #..).##
#####.######
#######g....##
...).......#
#............# ..#
#......###............#
#.#
#....................#


You could see a gnoll bouda.

Vanquished Creatures
  3 gnolls (D:3)
  5 adders
  3 worms
  2 dart slugs (D:3)
  2 orcs (D:3)
  4 ball pythons
  6 bats
  An endoplasm (D:1)
  3 giant cockroaches
  7 hobgoblins
  2 jackals (D:3)
  A quokka (D:2)
  5 frilled lizards
  7 goblins
  4 kobolds
  9 rats
64 creatures vanquished.

Vanquished Creatures (others)
  A giant cockroach (D:1)
  A kobold (D:1)
2 creatures vanquished.

Grand Total: 66 creatures vanquished

Notes
Turn   | Place    | Note
-------+----------+-------------------------------------------
     0 | D:5      | booth the Felid Delver began the quest for the Orb.
     0 | D:5      | Reached XP level 1. HP: 10/10 MP: 2/2
    41 | D:5      | Found a staircase to the Ecumenical Temple.
    57 | D:5      | Reached XP level 2. HP: 2/14 MP: 3/3
    92 | Temple   | Entered the Ecumenical Temple
   742 | D:2      | Reached XP level 3. HP: 14/17 MP: 5/5
   916 | D:2      | Identified the +8 quarterstaff of the Building Scorpion
                  | {speed, rN++}
   974 | D:1      | Reached skill level 1 in Spellcasting
  1454 | D:1      | Found a faded altar of an unknown god.
  1498 | D:1      | Reached skill level 7 in Stealth
  2029 | D:2      | Reached XP level 4. HP: 21/21 MP: 6/6
  2897 | D:3      | Mangled by a gnoll
  2898 | D:3      | Reached XP level 3. HP: -7/18 MP: 6/6
  2923 | D:3      | Reached XP level 4. HP: 20/22 MP: 7/7
  3053 | D:3      | Slain by a gnoll bouda

Illustrated notes

Levels and vault maps discovered:
D:1:      ncdulo_lavacross, layout_loops_ring, shapermc_ecumenical_altar_gd,
          lemuel_flame_loot_1
D:2:      layout_loops_ring
D:3:      layout_loops_ring
D:4:      layout_basic, nicolae_hepliaklqana_hippocampus, minmay_ruined_shrine
D:5:      layout_loops_ring, elyvilon_altar_5, minmay_temple_entry_sparse_star,
          columned_hall_lemuel, minmay_fractal_squares_diagonal_5
Temple:   grunt_temple_mini_profane

Skill      XL: |  1  2  3  4 |
---------------+-------------+-----
Dodging        | 3 4 |  4.0
Spellcasting   | 1 |  1.6
Stealth        | 7 |  7.3
Fighting       | |  3.7
Unarmed Combat | |  2.9

Action                     |  1- 3 |  4- 6 || total
---------------------------+-------+-------++-------
  Melee: Unarmed           |   121 |    90 ||   211
         Bite              |     5 |     9 ||    14
         Punch             |       |     2 ||     2
    Use: Potion            |     1 |     2 ||     3
         Scroll            |       |     4 ||     4
   Stab: Sleeping          |    10 |     2 ||    12
 Armour: Skin              |     2 |     4 ||     6
  Dodge: Dodged            |    79 |    53 ||   132
